SAA
MARQUETTE MINERS @ ASHEVILLE HIGHLANDERS
06/10/2022
 
TOP OF THE 1ST
Marquette Miners batting - Pitching for Asheville Highlanders : LHP Homer O'Lannigan
Pitching: LHP Homer O'Lannigan
Batting: LHB José Ortega 0-0: Foul Ball, location: 2F
0-1: Called Strike
0-2: Ball
1-2: Ball
2-2: Fly out, F3 (Line Drive, 3L)
Batting: RHB Gerald Clark 0-0: Ball
1-0: Ball
2-0: Ball
3-0: Base on Balls
Batting: RHB Pil-joong Pak 0-0: Called Strike
0-1: Swinging Strike
0-2: Ball
1-2: Grounds into double play, 6-4-3 (Groundball, 6)
Top of the 1st over - 0 run(s), 0 hit(s), 0 error(s), 0 left on base; Marquette 0 - Asheville 0
BOTTOM OF THE 1ST
Asheville Highlanders batting - Pitching for Marquette Miners : RHP Miguel Ruíz
Pitching: RHP Miguel Ruíz
Batting: RHB Armando Alvarado 0-0: Called Strike
0-1: Called Strike
0-2: Foul Ball, location: 2F
0-2: Ball
1-2: Strikes out swinging
Batting: LHB Robert Adams 0-0: Called Strike
0-1: Ball
1-1: Ball
2-1: Ball
3-1: Base on Balls
Batting: RHB Paco Vásquez 0-0: Called Strike
0-1: Ball
1-1: Called Strike
1-2: Foul Ball, location: 2F
1-2: Foul Ball, location: 2F
1-2: Ball
2-2: Reached on error, E5 (Groundball, 5S)
Robert Adams to second
Batting: RHB Thomas Morris 0-0: Ball
1-0: Called Strike
1-1: Foul Ball, location: 2F
1-2: Fly out, F9 (Flyball, 9S)
Batting: LHB Anthony Trigg 0-0: Fly out, F8 (Flyball, 8LM)
Bottom of the 1st over - 0 run(s), 0 hit(s), 1 error(s), 2 left on base; Marquette 0 - Asheville 0
TOP OF THE 2ND
Marquette Miners batting - Pitching for Asheville Highlanders : LHP Homer O'Lannigan
Batting: RHB Howard Kelly 0-0: Called Strike
0-1: Swinging Strike
0-2: Foul Ball, location: 2F
0-2: Strikes out swinging
Batting: RHB Francis Kelly 0-0: Foul Ball, location: 2F
0-1: Ball
1-1: Ball
2-1: Swinging Strike
2-2: Foul Ball, location: 2F
2-2: Ball
3-2: Base on Balls
Batting: RHB Pedro Pérez 0-0: Ball
1-0: Swinging Strike
1-1: Ball
2-1: Called Strike
2-2: Strikes out swinging
Batting: RHB Adrian Hale 0-0: SINGLE (Flyball, 7S)
Francis Kelly to second
Runner from 2nd tries for 3rd, SAFE, throw made to third
Adrian Hale to second
Batting: RHB Félix De La Hoya 0-0: Foul Ball, location: 2F
0-1: Ball
1-1: Ball
2-1: SINGLE (Groundball, 6MD) (infield hit)
Francis Kelly scores
Adrian Hale to third
Batting: RHB Alfredo Martínez 0-0: Foul Ball, location: 2F
0-1: Ball
1-1: Called Strike
1-2: Strikes out swinging
Top of the 2nd over - 1 run(s), 2 hit(s), 0 error(s), 2 left on base; Marquette 1 - Asheville 0
BOTTOM OF THE 2ND
Asheville Highlanders batting - Pitching for Marquette Miners : RHP Miguel Ruíz
Batting: SHB Gonzalo Valentín 0-0: Ball
1-0: Called Strike
1-1: Foul Ball, location: 2F
1-2: Ball
2-2: Ball
3-2: Foul Ball, location: 2F
3-2: Reached on error, E3 (Groundball, 3)
Batting: SHB Chris Cordell 0-0: Foul Ball, location: 2F
0-1: Foul Ball, location: 2F
0-2: Foul Ball, location: 2F
0-2: Grounds into double play, 6-4-3 (Groundball, 6)
Batting: RHB Edén Mont 0-0: Ball
1-0: Foul Ball, location: 2F
1-1: Ball
2-1: Foul Ball, location: 2F
2-2: Foul Ball, location: 2F
2-2: Ball
3-2: Fly out, F9 (Flyball, 9M)
Bottom of the 2nd over - 0 run(s), 0 hit(s), 1 error(s), 0 left on base; Marquette 1 - Asheville 0
TOP OF THE 3RD
Marquette Miners batting - Pitching for Asheville Highlanders : LHP Homer O'Lannigan
Batting: LHB José Ortega 0-0: Ball
1-0: Ground out 3-1 (Groundball, 34)
Batting: RHB Gerald Clark 0-0: Foul Ball, location: 2F
0-1: Ball
1-1: Called Strike
1-2: Ground out 6-3 (Groundball, 6)
Batting: RHB Pil-joong Pak 0-0: Ground out 1-3 (Groundball, 23)
Top of the 3rd over - 0 run(s), 0 hit(s), 0 error(s), 0 left on base; Marquette 1 - Asheville 0
BOTTOM OF THE 3RD
Asheville Highlanders batting - Pitching for Marquette Miners : RHP Miguel Ruíz
Batting: RHB Luis Alomar 0-0: Ball
1-0: Foul Ball, location: 2F
1-1: Ground out 6-3 (Groundball, 6)
Batting: RHB Armando Alvarado 0-0: Ball
1-0: Ground out 4-3 (Groundball, 4M)
Batting: LHB Robert Adams 0-0: Called Strike
0-1: Swinging Strike
0-2: Fly out, F8 (Flyball, 8RD)
Bottom of the 3rd over - 0 run(s), 0 hit(s), 0 error(s), 0 left on base; Marquette 1 - Asheville 0
TOP OF THE 4TH
Marquette Miners batting - Pitching for Asheville Highlanders : LHP Homer O'Lannigan
Batting: RHB Howard Kelly 0-0: Ball
1-0: Ball
2-0: Called Strike
2-1: Swinging Strike
2-2: Strikes out looking
Batting: RHB Francis Kelly 0-0: Ball
1-0: SINGLE (Line Drive, 4MD)
Pitching: RHP Richard Meyer
Batting: RHB Pedro Pérez 0-0: Ball
1-0: Ball
2-0: Foul Ball, location: 2F
2-1: Fly out, F9 (Flyball, 89M)
Batting: RHB Adrian Hale 0-0: Foul Ball, location: 2F
0-1: Ground out 4-3 (Groundball, 4)
Top of the 4th over - 0 run(s), 1 hit(s), 0 error(s), 1 left on base; Marquette 1 - Asheville 0
BOTTOM OF THE 4TH
Asheville Highlanders batting - Pitching for Marquette Miners : RHP Miguel Ruíz
Batting: RHB Paco Vásquez 0-0: Foul Ball, location: 2F
0-1: Foul Ball, location: 2F
0-2: Ball
1-2: Ball
2-2: Ball
3-2: Ground out 6-3 (Groundball, 6M)
Batting: RHB Thomas Morris 0-0: Called Strike
0-1: Called Strike
0-2: Fly out, F6 (Popup, 6MS)
Batting: LHB Anthony Trigg 0-0: Ball
1-0: Foul Ball, location: 2F
1-1: Called Strike
1-2: Ball
2-2: Foul Ball, location: 2F
2-2: Fly out, F8 (Flyball, 8LM)
Bottom of the 4th over - 0 run(s), 0 hit(s), 0 error(s), 0 left on base; Marquette 1 - Asheville 0
TOP OF THE 5TH
Marquette Miners batting - Pitching for Asheville Highlanders : RHP Richard Meyer
Batting: RHB Félix De La Hoya 0-0: Swinging Strike
0-1: Foul Ball, location: 2F
0-2: Ball
1-2: SINGLE (Flyball, 89S)
Batting: RHB Alfredo Martínez 0-0: Bunted foul
0-1: Bunted foul
0-2: Ball
1-2: Ball
2-2: Ball
3-2: Foul Ball, location: 2F
3-2: Foul Ball, location: 2F
3-2: Base on Balls
Félix De La Hoya to second
Batting: LHB José Ortega 0-0: Ball
1-0: Ball
2-0: Fly out, F9 (Flyball, 9LM)
Batting: RHB Gerald Clark 0-0: Ball
1-0: Called Strike
1-1: Foul Ball, location: 2F
1-2: Foul Ball, location: 2F
1-2: Foul Ball, location: 2F
1-2: Foul Ball, location: 2F
1-2: Ball
2-2: Fly out, F8 (Flyball, 8LM)
Batting: RHB Pil-joong Pak 0-0: Called Strike
0-1: Ball
1-1: Fly out, F8 (Flyball, 8RD)
Top of the 5th over - 0 run(s), 1 hit(s), 0 error(s), 2 left on base; Marquette 1 - Asheville 0
BOTTOM OF THE 5TH
Asheville Highlanders batting - Pitching for Marquette Miners : RHP Miguel Ruíz
Batting: SHB Gonzalo Valentín 0-0: Ground out 6-3 (Groundball, 6M)
Batting: SHB Chris Cordell 0-0: Ball
1-0: Called Strike
1-1: Foul Ball, location: 2F
1-2: Strikes out swinging
Batting: RHB Edén Mont 0-0: Ball
1-0: Called Strike
1-1: Called Strike
1-2: Ground out 6-3 (Groundball, 6)
Bottom of the 5th over - 0 run(s), 0 hit(s), 0 error(s), 0 left on base; Marquette 1 - Asheville 0
TOP OF THE 6TH
Marquette Miners batting - Pitching for Asheville Highlanders : RHP Richard Meyer
Batting: RHB Howard Kelly 0-0: Called Strike
0-1: Ball
1-1: Ball
2-1: SINGLE (Line Drive, 4D)
Batting: RHB Francis Kelly 0-0: Foul Ball, location: 2F
0-1: Ball
1-1: Swinging Strike
1-2: Ball
Howard Kelly steals 2nd base
2-2: Ball
3-2: DOUBLE (Line Drive, 5D)
Howard Kelly scores
Batting: RHB Pedro Pérez 0-0: Ball
1-0: Foul Ball, location: 2F
1-1: Ball
2-1: Foul Ball, location: 2F
2-2: Strikes out swinging
Batting: RHB Adrian Hale 0-0: Fly out, F9 (Flyball, 9LSF)
Batting: RHB Félix De La Hoya 0-0: Foul Ball, location: 2F
0-1: Foul Ball, location: 2F
0-2: Ground out 4-3 (Groundball, 4S)
Top of the 6th over - 1 run(s), 2 hit(s), 0 error(s), 1 left on base; Marquette 2 - Asheville 0
BOTTOM OF THE 6TH
Asheville Highlanders batting - Pitching for Marquette Miners : RHP Miguel Ruíz
Batting: RHB Luis Alomar 0-0: Called Strike
0-1: Called Strike
0-2: Ball
1-2: SINGLE (Groundball, 4MD)
Batting: RHB Armando Alvarado 0-0: Ball
1-0: Ball
Luis Alomar steals 2nd base
2-0: Fly out, F7 (Flyball, 7S)
Batting: LHB Robert Adams 0-0: Ground out 4-3 (Groundball, 4)
Luis Alomar to third
Batting: RHB Paco Vásquez 0-0: Ball
1-0: Called Strike
1-1: Foul Ball, location: 2F
1-2: Ball
2-2: Hit by Pitch
Batting: RHB Thomas Morris 0-0: Fly out, F8 (Flyball, 8RM)
Bottom of the 6th over - 0 run(s), 1 hit(s), 0 error(s), 2 left on base; Marquette 2 - Asheville 0
TOP OF THE 7TH
Marquette Miners batting - Pitching for Asheville Highlanders : RHP Richard Meyer
Batting: RHB Alfredo Martínez 0-0: Fly out, F8 (Line Drive, 8LS)
Batting: LHB José Ortega 0-0: Called Strike
0-1: Ball
1-1: Ball
2-1: Ball
3-1: Base on Balls
Batting: RHB Gerald Clark 0-0: Called Strike
0-1: Ball
1-1: Fly out, F4 (Popup, 4D)
Batting: RHB Pil-joong Pak 0-0: Ball
José Ortega steals 2nd base
1-0: Ball
2-0: Swinging Strike
2-1: Ball
3-1: Base on Balls
Pinch Hitting: LHB Jorge Flores 0-0: Ball
Pil-joong Pak is caught stealing 2nd base
Top of the 7th over - 0 run(s), 0 hit(s), 0 error(s), 0 left on base; Marquette 2 - Asheville 0
BOTTOM OF THE 7TH
Asheville Highlanders batting - Pitching for Marquette Miners : RHP Miguel Ruíz
Now in LF: Jorge Flores
Now in RF: Jack Burton
Batting: LHB Anthony Trigg 0-0: Called Strike
0-1: SINGLE (Groundball, 23) (infield hit)
Batting: SHB Gonzalo Valentín 0-0: Ball
1-0: Fly out, F7 (Flyball, 7LM)
Batting: SHB Chris Cordell 0-0: Grounds into double play, 4-6-3 (Groundball, 4)
Bottom of the 7th over - 0 run(s), 1 hit(s), 0 error(s), 0 left on base; Marquette 2 - Asheville 0
TOP OF THE 8TH
Marquette Miners batting - Pitching for Asheville Highlanders : RHP Richard Meyer
Batting: LHB Jorge Flores 0-0: Called Strike
0-1: Swinging Strike
0-2: Ball
1-2: Strikes out swinging
Batting: RHB Francis Kelly 0-0: DOUBLE (Flyball, 78XD)
Batting: RHB Pedro Pérez 0-0: Ball
1-0: Called Strike
1-1: Called Strike
1-2: Ball
2-2: Foul Ball, location: 2F
2-2: SINGLE (Groundball, 5S) (infield hit)
Francis Kelly to third
Batting: RHB Adrian Hale 0-0: Called Strike
0-1: Fly out, F9 (Popup, 4D)
Pinch Hitting: LHB Alan Hardy 0-0: Called Strike
0-1: Ball
1-1: Ball
2-1: Foul Ball, location: 2F
2-2: Ball
3-2: Strikes out swinging
Top of the 8th over - 0 run(s), 2 hit(s), 0 error(s), 2 left on base; Marquette 2 - Asheville 0
BOTTOM OF THE 8TH
Asheville Highlanders batting - Pitching for Marquette Miners : RHP Miguel Ruíz
Now at SS: Tim Burnett
Batting: RHB Edén Mont 0-0: Foul Ball, location: 2F
0-1: Ball
1-1: Ball
2-1: Ground out U3 (Groundball, 3S)
Batting: RHB Luis Alomar 0-0: Called Strike
0-1: Ball
1-1: Ball
2-1: Ball
3-1: Foul Ball, location: 2F
3-2: Strikes out swinging
Batting: RHB Armando Alvarado 0-0: Foul Ball, location: 2F
0-1: Ball
1-1: Ball
2-1: Ball
3-1: Ground out 4-3 (Groundball, 34)
Bottom of the 8th over - 0 run(s), 0 hit(s), 0 error(s), 0 left on base; Marquette 2 - Asheville 0
TOP OF THE 9TH
Marquette Miners batting - Pitching for Asheville Highlanders : RHP Richard Meyer
Batting: RHB Jack Burton 0-0: Ball
1-0: Called Strike
1-1: Ball
2-1: Ball
3-1: Called Strike
3-2: Base on Balls
Batting: LHB José Ortega 0-0: Ball
1-0: Ball
2-0: Sac Bunt - play at first, batter OUT! 1-4
Jack Burton to second
Batting: RHB Gerald Clark 0-0: Foul Ball, location: 2F
0-1: Ball
1-1: Swinging Strike
1-2: Strikes out looking
Batting: RHB Pil-joong Pak 0-0: Called Strike
0-1: Ball
1-1: Ball
2-1: Fly out, F9 (Flyball, 89XD)
Top of the 9th over - 0 run(s), 0 hit(s), 0 error(s), 1 left on base; Marquette 2 - Asheville 0
BOTTOM OF THE 9TH
Asheville Highlanders batting - Pitching for Marquette Miners : RHP Miguel Ruíz
Pitching: RHP Ramiro Flores
Batting: LHB Robert Adams 0-0: Called Strike
0-1: Swinging Strike
0-2: Ball
1-2: Ball
2-2: Foul Ball, location: 2F
2-2: Strikes out swinging
Batting: RHB Paco Vásquez 0-0: Ball
1-0: Swinging Strike
1-1: Ball
2-1: SINGLE (Line Drive, 7LS)
Pinch Hitting: RHB Claudio Torres 0-0: Grounds into double play, 6-4-3 (Groundball, 6)
Bottom of the 9th over - 0 run(s), 1 hit(s), 0 error(s), 0 left on base; Marquette 2 - Asheville 0
This league is powered by Out of the Park Baseball, the baseball management simulation game for PC, Mac and Linux
Friday, April 15th, 2016 - OOTP Baseball 16.9 Build 39